 Dungeon Crawl Stone Soup version 0.16-a0-1301-gf74d490 (webtiles) character file.

18712 Gruud the Bludgeoner (level 12, -7/107 HPs)
             Began as an Ogre Berserker on Oct 14, 2014.
             Was a High Priest of Trog.
             Mangled by a catoblepas (14 damage)
             ... on level 12 of the Dungeon on Oct 15, 2014.
             The game lasted 01:04:50 (11231 turns).

Gruud the Bludgeoner (Ogre Berserker)              Turns: 11231, Time: 01:04:50

Health: -7/107     AC: 11    Str: 25    XL:     12   Next: 61%
Magic:  12/12      EV:  1    Int:  6    God:    Trog [*****.]
Gold:   584        SH:  0    Dex: 13    Spells: 0 memorised, 11 levels left

rFire  . . .     SeeInvis +     a - +6 flail (protect)
rCold  + . .     Clarity  .     W - +2 robe {rC+}
rNeg   + + +     SustAb   .     w - +0 shield {reflect}
rPois  +         Gourm    .     (helmet restricted)
rElec  .         Spirit   .     Z - +0 cloak
rCorr  .         Warding  .     (gloves unavailable)
rMut   .         Stasis   .     (boots unavailable)
MR     +....                    (no amulet)
Stlth  +.........               S - +2 ring of slaying
                                t - ring of see invisible

@: petrified, somewhat resistant to hostile enchantments, very unstealthy
A: unfitting armour, tough skin 1
a: Burn Spellbooks, Berserk, Trog's Hand, Brothers in Arms, Renounce Religion


You were on level 12 of the Dungeon.
You worshipped Trog.
Trog was extremely pleased with you.
You were not hungry.

You visited 1 branch of the dungeon, and saw 13 of its levels.

You collected 806 gold pieces.
You spent 222 gold pieces at shops.

Inventory:

Hand weapons
 a - a +6 flail of protection (weapon)
 b - a +0 blowgun
 E - the +4 giant spiked club of Trog's Vengeance {crush, +Blink Str+2 Int+1}
   (Trog gifted it to you on level 10 of the Dungeon)

   It inflicts extra damage upon your enemies.
   It affects your strength (+2).
   It affects your intelligence (+1).
   It lets you blink.
 I - a +2 whip of holy wrath
Missiles
 q - 31 poisoned needles
 D - 12 large rocks (quivered)
 F - 3 tomahawks of dispersal
 K - 10 javelins of penetration
 M - 6 javelins of returning
Armour
 v - a troll hide
 w - a +0 shield of reflection (worn)
 U - a +2 robe of positive energy
 W - a +2 robe of cold resistance (worn)
 Z - a +0 cloak (worn)
Jewellery
 t - a ring of see invisible (left hand)
 S - a +2 ring of slaying (right hand)
Magical devices
 c - a wand of fire (10)
 x - a wand of disintegration (5)
 B - a wand of disintegration (11)
 J - a wand of lightning (6)
 Y - a wand of random effects (21)
Scrolls
 e - 3 scrolls of magic mapping
 f - 7 scrolls of remove curse
 p - a scroll of blinking
 r - a scroll of fear
 y - a scroll of enchant armour
 A - a scroll of recharging
 C - 5 scrolls of teleportation
 Q - a scroll of silence
Potions
 g - 3 potions of might
 i - 2 potions of restore abilities
 j - 2 potions of brilliance
 k - 5 potions of curing
 l - 2 potions of invisibility
 m - 4 potions of haste
 o - 3 potions of agility
 s - a potion of flight
 u - a potion of heal wounds
 G - a potion of lignification {unknown}
 P - 2 potions of cancellation {unknown}
 V - a potion of cure mutation {unknown}
Books
 H - a book of Clouds

   Spells                             Type                      Level
   Mephitic Cloud                     Conjuration/Poison/Air       3
   Conjure Flame                      Conjuration/Fire             3
   Poisonous Cloud                    Conjuration/Poison/Air       6
   Freezing Cloud                     Conjuration/Ice/Air          6
   Ring of Flames                     Charms/Fire                  7
   Trog disapproves of the use of such an item.
 L - a book of Power

   Spells                             Type                      Level
   Fulminant Prism                    Conjuration/Hexes            4
   Iskenderun's Mystic Blast          Conjuration                  4
   Venom Bolt                         Conjuration/Poison           5
   Bolt of Magma                      Conjuration/Fire/Earth       5
   Iron Shot                          Conjuration/Earth            6
   Orb of Destruction                 Conjuration                  7
   Trog disapproves of the use of such an item.
 R - a book of the Sky

   Spells                             Type                      Level
   Flight                             Charms/Air                   3
   Airstrike                          Air                          4
   Silence                            Hexes/Air                    5
   Deflect Missiles                   Charms/Air                   6
   Conjure Ball Lightning             Conjuration/Air              6
   Tornado                            Air                          9
   Trog disapproves of the use of such an item.
Comestibles
 d - a beef jerky
 h - 8 slices of pizza
 n - 13 fruits
 z - 9 bread rations
 N - a royal jelly
 O - 9 meat rations


   Skills:
 - Level 4.0 Fighting
 - Level 16.6 Maces & Flails
 + Level 12.4 Throwing
 - Level 1.5 Armour
 * Level 9.8 Dodging


You had 11 spell levels left.
You didn't know any spells.

Dungeon Overview and Level Annotations

Branches:
Dungeon (13/15)            Temple (0/1) D:6             Orc (0/4) D:11
   Lair (0/8) D:11
 Vaults: D:13-14

Altars:
Ashenzari
Cheibriados
Fedhas
Okawaru
Sif Muna
Trog
Xom
The Shining One
Beogh

Shops:
D:5 *   D:6 ?   D:10 (

Annotations:
D:4 exclusion: 2 doors, Prince Ribbit


Innate Abilities, Weirdness & Mutations

You are too large for most types of armour.
You have tough skin (AC +1).


Message History

You have turned to stone.
You are engulfed in calcifying dust. x2
Your skin stops crawling.
You feel less resistant to hostile enchantments.
The catoblepas gores you!!
You are engulfed in calcifying dust.
The catoblepas gores you but does no damage.
The catoblepas gores you!!
* * * LOW HITPOINT WARNING * * *
The catoblepas gores you.
* * * LOW HITPOINT WARNING * * *
The catoblepas breathes a plume of calcifying dust at you.
The blast of calcifying dust hits you!
* * * LOW HITPOINT WARNING * * *
You are engulfed in calcifying dust.
The catoblepas gores you!
* * * LOW HITPOINT WARNING * * *
You are engulfed in calcifying dust.
The catoblepas gores you!
* * * LOW HITPOINT WARNING * * *
You are engulfed in calcifying dust.
The catoblepas gores you!!
You die...

######...#######.....###########.
.....#.#.#.....#..##.#.......# #.
.....#.#.#.....#..##.#...>...# #.
.....'.#.#.....#..##.#.......# #.
######...####'##.....#'####.####.
..........................###....
.#...#...#.......>...#..#.# #..#.
................Y.........###....
........).......@................
.........#..#..#§....#..#........
..#...#..#.....#§.#..#..#......##
.................................
#################################


You could see a catoblepas.

Vanquished Creatures
  Josephine (D:12)
  Harold (D:12)
  A hydra (D:8)
  Erica (D:12)
  Nergalle (D:12)
  3 skeletal warriors (D:12)
  2 hill giants (D:12)
  3 ugly things
  A cyclops (D:11)
  Maurice (D:12)
  Joseph (D:7)
  2 komodo dragons
  4 trolls
  2 deep elf magi
  A shadow (D:12)
  Eustachio (D:7)
  5 hippogriffs
  A hill giant skeleton (D:9)
  The ghost of koelner the Stinger, an average DsVM of Okawaru (D:5)
  A hog (D:7)
  A human (D:7)
  Edmund (D:7)
  A mottled dragon (D:11)
  16 orc warriors
  A vampire mosquito (D:12)
  A water moccasin (D:6)
  A necrophage (D:8)
  2 black bears
  2 phantoms
  3 ice beasts
  9 sky beasts
  3 ogres
  The ghost of Rafael the Stinger, an average DsVM (D:7)
  Sigmund (D:7)
  A crocodile (D:3)
  3 centaurs
  4 big kobolds
  Blork the orc (D:4)
  5 giant frogs
  A cyclops zombie (D:12)
  A yak zombie (D:8)
  A troll zombie (D:12)
  A scorpion (D:6)
  6 killer bees (D:10)
  3 goliath beetles
  10 wights
  4 crimson imps
  3 centaur zombies
  7 orc priests
  A hound (D:10)
  3 iguanas
  A giant frog skeleton (D:5)
  3 jellies
  A quasit (D:11)
  A two-headed ogre zombie (D:8)
  7 orc wizards
  4 worker ants
  A tengu simulacrum (D:12)
  3 sheep (D:7)
  A giant frog simulacrum (D:12)
  A mottled dragon skeleton (D:12)
  The ghost of koelner the Stinger, a weakling DsVM (D:3)
  7 gnolls
  A scorpion zombie (D:6)
  An orc skeleton (D:9)
  18 adders
  2 giant mites
  A worm (D:3)
  An iguana zombie (D:5)
  5 giant geckos
  An ooze (D:3)
  51 orcs
  2 bat zombies
  11 giant cockroaches
  10 goblins
  19 hobgoblins
  21 jackals
  30 kobolds
  A ball python (D:1)
  6 bats
  4 giant newts
  3 quokkas
  A quokka skeleton (D:9)
  16 rats
368 creatures vanquished.

Notes
Turn   | Place    | Note
--------------------------------------------------------------
     0 | D:1      | Gruud, the Ogre Berserker, began the quest for the Orb.
     0 | D:1      | Reached XP level 1. HP: 24/24 MP: 1/1
   159 | D:1      | Reached skill level 1 in Throwing
   165 | D:1      | Reached XP level 2. HP: 32/32 MP: 2/2
   514 | D:1      | Reached XP level 3. HP: 35/39 MP: 3/3
   535 | D:1      | Reached skill level 5 in Maces & Flails
  1080 | D:2      | Acquired Trog's second power
  1602 | D:2      | Found a blossoming altar of Fedhas.
  1799 | D:2      | Reached XP level 4. HP: 36/48 MP: 4/4
  2210 | D:3      | Reached skill level 6 in Maces & Flails
  2246 | D:4      | Received a gift from Trog
  2336 | D:4      | Found a shimmering altar of Xom.
  2338 | D:4      | Found an iron altar of Okawaru.
  2339 | D:4      | Found a glowing golden altar of the Shining One.
  2395 | D:4      | Reached XP level 5. HP: 42/54 MP: 5/5
  2436 | D:3      | Noticed koelner's ghost (weakling DsVM)
  2440 | D:3      | Killed koelner's ghost
  2584 | D:3      | Found a deep blue altar of Sif Muna.
  2678 | D:3      | Noticed a crocodile
  2683 | D:3      | Killed a crocodile
  2683 | D:3      | Reached skill level 7 in Maces & Flails
  2683 | D:3      | Reached XP level 6. HP: 49/62 MP: 6/6
  3402 | D:4      | Found an iron altar of Okawaru.
  3485 | D:4      | Received a gift from Trog
  3522 | D:4      | Noticed Blork the orc
  3543 | D:4      | Killed Blork the orc
  3543 | D:4      | Reached skill level 8 in Maces & Flails
  3636 | D:4      | Noticed Prince Ribbit
  3867 | D:5      | Entered Level 5 of the Dungeon
  3881 | D:5      | Reached XP level 7. HP: 62/70 MP: 7/7
  3977 | D:5      | Reached skill level 9 in Maces & Flails
  3981 | D:5      | Found Throas' Assorted Antiques.
  4002 | D:5      | Bought a scroll labeled MEFFEXZUFEB for 33 gold pieces
  4002 | D:5      | Bought a scroll labeled OZATIRUARR for 33 gold pieces
  4002 | D:5      | Bought a metallic yellow potion for 29 gold pieces
  4002 | D:5      | Bought a scroll labeled PREGALOCYIC for 33 gold pieces
  4002 | D:5      | Bought a smoky sapphire potion for 29 gold pieces
  4064 | D:5      | Noticed koelner's ghost (average DsVM)
  4073 | D:5      | Killed koelner's ghost
  4073 | D:5      | Reached skill level 5 in Throwing
  4078 | D:5      | Found a bloodstained altar of Trog.
  4130 | D:5      | Reached skill level 10 in Maces & Flails
  4358 | D:5      | Found a glowing golden altar of the Shining One.
  4440 | D:6      | Reached XP level 8. HP: 73/78 MP: 8/8
  4503 | D:6      | Acquired Trog's third power
  4523 | D:6      | Found Taetat's Magic Scroll Shoppe.
  4533 | D:6      | Bought a scroll of teleportation for 39 gold pieces
  4533 | D:6      | Bought a scroll of identify for 26 gold pieces
  4751 | D:6      | Found a staircase to the Ecumenical Temple.
  5008 | D:6      | Reached skill level 11 in Maces & Flails
  5074 | D:6      | Found a snail-covered altar of Cheibriados.
  5172 | D:6      | Received a gift from Trog
  5303 | D:7      | Noticed Rafael's ghost (average DsVM)
  5306 | D:7      | Killed Rafael's ghost
  5384 | D:7      | Noticed Sigmund
  5385 | D:7      | Killed Sigmund
  5396 | D:7      | Noticed Edmund
  5438 | D:7      | Killed Edmund
  5507 | D:7      | Reached skill level 12 in Maces & Flails
  5556 | D:7      | Reached XP level 9. HP: 75/84 MP: 9/9
  5628 | D:7      | Received a gift from Trog
  5763 | D:7      | Noticed Eustachio
  5768 | D:7      | Killed Eustachio
  5768 | D:7      | Reached skill level 13 in Maces & Flails
  5803 | D:7      | Noticed Joseph
  5826 | D:7      | Killed Joseph
  6067 | D:7      | Found a shattered altar of Ashenzari.
  6264 | D:8      | Received a gift from Trog
  6428 | D:8      | Reached skill level 14 in Maces & Flails
  6687 | D:8      | Reached XP level 10. HP: 82/92 MP: 10/10
  6743 | D:8      | Received a gift from Trog
  6851 | D:8      | Noticed a four-headed hydra
  6856 | D:8      | Killed a four-headed hydra
  6856 | D:8      | Reached skill level 15 in Maces & Flails
  7768 | D:9      | Reached skill level 16 in Maces & Flails
  7771 | D:9      | Received a gift from Trog
  7818 | D:9      | Found a roughly hewn altar of Beogh.
  7871 | D:9      | Upgraded the game from 0.16-a0-1276-g18860b1 to 0.16-a0-1301-gf74d490
  7926 | D:9      | Reached skill level 10 in Throwing
  7947 | D:10     | Entered Level 10 of the Dungeon
  8072 | D:10     | Reached XP level 11. HP: 96/100 MP: 11/11
  8227 | D:10     | Found Huppu's Antique Weapon Shoppe.
  8802 | D:10     | Received a gift from Trog
  8806 | D:10     | Got a polished giant spiked club {god gift}
  8807 | D:10     | Identified the +4 giant spiked club of Trog's Vengeance {crush, +Blink Str+2 Int+1} (Trog gifted it to you on level 10 of the Dungeon)
  9339 | D:11     | Identified a scroll of acquirement
  9389 | D:11     | Found a staircase to the Lair.
  9573 | D:11     | Reached skill level 5 in Dodging
  9822 | D:11     | Found a staircase to the Orcish Mines.
 10106 | D:12     | Noticed a hill giant
 10112 | D:12     | Killed a hill giant
 10112 | D:12     | Received a gift from Trog
 10249 | D:12     | Noticed Erica
 10252 | D:12     | Killed Erica
 10318 | D:12     | Noticed Harold
 10328 | D:12     | Killed Harold
 10359 | D:12     | Noticed Nergalle
 10369 | D:12     | Killed Nergalle
 10369 | D:12     | Reached XP level 12. HP: 107/107 MP: 12/12
 10376 | D:12     | Received a gift from Trog
 10478 | D:12     | Noticed Josephine
 10497 | D:12     | Killed Josephine
 10500 | D:12     | Noticed a hill giant
 10516 | D:12     | Killed a hill giant
 10607 | D:12     | Noticed Maurice
 10620 | D:12     | Killed Maurice
 11026 | D:12     | HP: 5/107 [skeletal warrior/war axe (17)]
 11231 | D:12     | Mangled by a catoblepas

Action                   |  1- 3 |  4- 6 |  7- 9 | 10-12 || total
-------------------------+-------+-------+-------+-------++-------
Melee: Mace              |    38 |       |       |       ||    38
       Whip              |   116 |    79 |       |       ||   195
       Flail             |       |   109 |   186 |   448 ||   743
       Giant spiked club |       |       |       |     4 ||     4
Throw: Large rock        |       |    10 |    94 |   157 ||   261
       Stone             |       |       |     1 |       ||     1
       Tomahawk          |       |       |     1 |       ||     1
       Javelin           |       |       |       |     7 ||     7
Invok: Berserk           |     2 |     3 |     2 |     9 ||    16
       Trog's Hand       |       |     3 |     2 |    19 ||    24
       Burn Spellbooks   |       |       |       |     2 ||     2
  Use: Scroll            |     7 |     5 |    10 |     7 ||    29
       Potion            |       |       |     1 |     1 ||     2
 Stab: Invisible         |       |       |     3 |       ||     3
       Sleeping          |       |       |       |     1 ||     1
  Eat: Chunk             |     3 |     9 |    12 |    22 ||    46
       Fruit             |     1 |       |       |       ||     1
       Pizza             |       |     1 |       |       ||     1
       Beef jerky        |       |       |       |     3 ||     3
